 Dungeon Crawl Stone Soup version 0.18.1-48-g4cf74bf (webtiles) character file.

8648 ubloh the Severer (level 11, 0/136 HPs)
             Began as a Minotaur Berserker on Aug 28, 2016.
             Was a High Priest of Trog.
             Slain by an eight-headed hydra (6 damage)
             ... on level 2 of the Lair of Beasts.
             The game lasted 01:19:07 (10097 turns).

ubloh the Severer (Minotaur Berserker)             Turns: 10097, Time: 01:19:09

Health: 0/136      AC: 16    Str: 27    XL:     11   Next: 12%
Magic:  10/10      EV: 10    Int:  6    God:    Trog [*****.]
Gold:   563        SH:  0    Dex: 15    Spells: 0 memorised, 10 levels left

rFire  . . .     SeeInvis .     h - +3 executioner's axe (venom)
rCold  + . .     Gourm    .     B - +2 chain mail {rC+}
rNeg   . . .     Faith    .     (shield currently unavailable)
rPois  .         Spirit   .     (helmet restricted)
rElec  .         Dismiss  .     m - +0 cloak
rCorr  .         Reflect  .     D - +0 pair of gloves
SustAt .         Harm     +     s - +0 pair of boots
MR     +....                    A - amulet of harm
Stlth  ..........               q - ring of Poanys {Dex+4 Slay+1}
                                n - ring of protection from magic

@: berserking, very quick, somewhat resistant to hostile enchantments, extremely
unstealthy
A: retaliatory headbutt, horns 2
a: Berserk, Trog's Hand, Brothers in Arms, Burn Spellbooks, Renounce Religion


You were on level 2 of the Lair of Beasts.
You worshipped Trog.
Trog was extremely pleased with you.
You were hungry.

You visited 3 branches of the dungeon, and saw 11 of its levels.

You collected 563 gold pieces.

Inventory:

Hand Weapons
 h - a +3 executioner's axe of venom (weapon)
Missiles
 r - 48 poisoned needles
Armour
 m - a +0 cloak (worn)
 s - a +0 pair of boots (worn)
 B - a +2 chain mail of cold resistance (worn)
 D - a +0 pair of gloves (worn)
Jewellery
 n - a ring of protection from magic (left hand)
 q - the ring of Poanys (right hand) {Dex+4 Slay+1}
   (You found it on level 6 of the Dungeon)

   [ring of slaying]

   It affects your dexterity (+4).
   It affects your accuracy and damage with ranged weapons and melee attacks
   (+1).
 A - an amulet of harm (around neck)
 I - an uncursed amulet of faith {unknown}
 L - a cursed ring of loudness {unknown}
Wands
 l - a wand of paralysis (14/24)
 u - a wand of paralysis (11/24)
 E - a wand of digging (12/24)
Scrolls
 b - 5 scrolls of teleportation
 d - a scroll of noise {unknown}
 g - 2 scrolls of fear {unknown}
 k - 2 scrolls of immolation {unknown}
 p - 3 scrolls of remove curse
 y - 2 scrolls of blinking
 z - a scroll of enchant armour {unknown}
 C - a scroll of recharging {unknown}
 F - a scroll of torment {unknown}
 H - a scroll of holy word {unknown}
 N - a scroll of enchant weapon {unknown}
 O - a scroll of identify
Potions
 a - a potion of agility
 e - 4 potions of haste
 f - 5 potions of might
 i - 2 potions of heal wounds
 o - a potion of flight {unknown}
 G - a potion of curing
 J - 2 potions of mutation
Books
 j - a book of Cantrips

   Spells                             Type                      Level
   a - Corona                         Hexes                        1
   b - Animate Skeleton               Necromancy                   1
   c - Summon Small Mammal            Summoning                    1
   d - Apportation                    Translocation                1
   Trog disapproves of the use of such an item.
 w - a book of Air

   Spells                             Type                      Level
   a - Shock                          Conjuration/Air              1
   b - Swiftness                      Charms/Air                   2
   c - Repel Missiles                 Charms/Air                   2
   d - Static Discharge               Conjuration/Air              3
   e - Lightning Bolt                 Conjuration/Air              5
   Trog disapproves of the use of such an item.
 K - a book of Summonings

   Spells                             Type                      Level
   a - Recall                         Summoning/Translocation      3
   b - Aura of Abjuration             Summoning                    5
   c - Summon Demon                   Summoning                    5
   d - Summon Forest                  Summoning/Translocation      5
   e - Summon Mana Viper              Hexes/Summoning              5
   f - Shadow Creatures               Summoning                    6
   Trog disapproves of the use of such an item.
Comestibles
 c - 12 bread rations
 t - 6 meat rations
 v - 4 royal jellies
 x - 7 fruits
 M - 17 chunks of flesh


   Skills:
 + Level 6.8 Fighting
 * Level 17.7 Axes
 + Level 6.3 Armour
 - Level 2.8 Dodging


You had 10 spell levels left.
You didn't know any spells.

Dungeon Overview and Level Annotations

Branches:
Dungeon (8/15)             Temple (1/1) D:5            Lair (2/8) D:8

Altars:
Ashenzari
Cheibriados
Dithmenos
Elyvilon
Fedhas
Gozag
Kikubaaqudgha
Makhleb
Nemelex Xobeh
Okawaru
Pakellas
Qazlal
Ru
Sif Muna
Trog
Vehumet
Xom
Yredelemnul
Zin
The Shining One


Innate Abilities, Weirdness & Mutations

You reflexively headbutt those who attack you in melee.
You have a pair of horns on your head.


Message History

Trog accepts your kill.
You lop one of the seven-headed hydra's heads off!
The six-headed hydra grows two more!
You slash the eight-headed hydra!
The eight-headed hydra is almost dead.
The eight-headed hydra bites you but does no damage.
The eight-headed hydra bites you. x2
The eight-headed hydra bites you but does no damage.
The eight-headed hydra bites you!
The eight-headed hydra bites you but does no damage.
The eight-headed hydra barely misses you.
The eight-headed hydra bites you!
* * * LOW HITPOINT WARNING * * *
A red film seems to cover your vision as you go berserk!
You feel yourself moving faster!
You feel mighty!
You feel somewhat more hungry. The eight-headed hydra bites you!
* * * LOW HITPOINT WARNING * * *
The eight-headed hydra bites you!
* * * LOW HITPOINT WARNING * * *
The eight-headed hydra bites you.
You die...

###....#...#
#.#........##### #
.##...........#.#.#
...................
#.................
#.................
#P.#..............
#.......D@...#
#...!.......#....
#...#..PP..## .
#P.....P####
##.....###
#P..P....#
##..####...#
##...### ##/..
##......## ##.


You could see an eight-headed hydra.

Vanquished Creatures
  Pikel (D:4)
  5 blink frogs (Lair:1)
  A spriggan (D:7)
  A wraith (D:6)
  14 yaks
  Eustachio (D:4)
  A hippogriff (D:8)
  A hungry ghost (D:8)
  4 water moccasins (Lair:1)
  2 porcupines (Lair:1)
  4 orc warriors
  2 sky beasts
  A slave (D:4)
  3 phantoms
  An ogre (D:8)
  4 wolves (Lair:2)
  3 crocodiles (Lair:1)
  A centaur (D:5)
  A wyvern zombie (D:6)
  A big kobold (D:8)
  5 giant frogs
  2 scorpions
  A howler monkey (D:8)
  2 electric eels (Lair:1)
  6 crimson imps
  A centaur zombie (D:5)
  7 hounds
  A jelly (D:6)
  A giant frog skeleton (D:5)
  6 orc priests
  4 iguanas
  21 orc wizards
  A hell rat (D:8)
  3 worker ants
  A sheep (D:8)
  A hound skeleton (D:7)
  A howler monkey skeleton (D:6)
  3 gnolls (D:3)
  4 adders
  5 river rats (Lair:2)
  2 shadow imps
  4 oozes
  An adder zombie (D:5)
  3 adder skeletons (D:8)
  3 worms
  A dart slug (D:2)
  5 giant geckos
  49 orcs
  5 giant cockroaches
  7 goblins
  11 hobgoblins
  4 jackals (D:1)
  4 quokkas
  A ball python (D:1)
  4 bats
  A jackal skeleton (D:5)
  A jackal zombie (D:8)
  13 kobolds
  7 rats
  A fungus (Lair:1)
  A plant (Lair:2)
256 creatures vanquished.

Vanquished Creatures (others)
  An iguana (D:4)
  An adder skeleton (D:4)
  3 fungi (Lair:1)
5 creatures vanquished.

Grand Total: 261 creatures vanquished

Notes
Turn   | Place    | Note
--------------------------------------------------------------
     0 | D:1      | ubloh the Minotaur Berserker began the quest for the Orb.
     0 | D:1      | Reached XP level 1. HP: 19/19 MP: 0/0
   193 | D:1      | Reached XP level 2. HP: 19/27 MP: 1/1
   815 | D:1      | Reached ** piety under Trog
   815 | D:1      | Reached skill level 4 in Axes
   815 | D:1      | Reached XP level 3. HP: 29/33 MP: 2/2
  1547 | D:2      | Found a faded altar to an unknown god.
  1648 | D:2      | Reached skill level 5 in Axes
  1648 | D:2      | Reached XP level 4. HP: 40/40 MP: 3/3
  1660 | D:2      | Found a sacrificial altar of Ru.
  2560 | D:3      | Reached *** piety under Trog
  2588 | D:3      | Noticed a giant frog
  2594 | D:3      | Killed a giant frog
  2594 | D:3      | Reached skill level 6 in Axes
  2594 | D:3      | Reached XP level 5. HP: 34/46 MP: 4/4
  2827 | D:4      | Reached skill level 7 in Axes
  2855 | D:4      | Noticed a slave
  2857 | D:4      | Noticed Pikel
  2857 | D:4      | Noticed a slave
  2857 | D:4      | Noticed a slave
  2882 | D:4      | Noticed a slave
  2920 | D:4      | Killed a slave
  2922 | D:4      | Killed Pikel
  2922 | D:4      | Reached skill level 9 in Axes
  2922 | D:4      | Reached XP level 6. HP: 52/52 MP: 5/5
  2922 | D:4      | Reached XP level 7. HP: 59/59 MP: 6/6
  3202 | D:4      | Noticed Eustachio
  3227 | D:4      | Killed Eustachio
  3227 | D:4      | Reached skill level 10 in Axes
  3975 | D:5      | Entered Level 5 of the Dungeon
  3981 | D:5      | Reached skill level 11 in Axes
  3981 | D:5      | Reached XP level 8. HP: 66/66 MP: 7/7
  4439 | D:5      | Reached **** piety under Trog
  4449 | D:5      | Reached skill level 12 in Axes
  4554 | D:5      | Found a staircase to the Ecumenical Temple.
  4594 | Temple   | Entered the Ecumenical Temple
  4888 | D:5      | Found a shimmering altar of Xom.
  4888 | D:5      | Found a sparkling altar of Nemelex Xobeh.
  4889 | D:5      | Found a shadowy altar of Dithmenos.
  5093 | D:6      | Reached skill level 13 in Axes
  5286 | D:6      | Reached XP level 9. HP: 69/71 MP: 8/8
  5511 | D:6      | Reached skill level 14 in Axes
  5615 | D:6      | Got a twitching copper ring
  5945 | D:6      | Identified the ring of Poanys {Dex+4 Slay+1} (You found it on level 6 of the Dungeon)
  6099 | D:7      | Reached ***** piety under Trog
  6109 | D:7      | Reached skill level 15 in Axes
  7133 | D:8      | Reached skill level 16 in Axes
  7220 | D:8      | Reached XP level 10. HP: 79/79 MP: 9/9
  7286 | D:8      | Found an iron altar of Okawaru.
  7915 | D:8      | Reached skill level 5 in Fighting
  7916 | D:8      | Found a staircase to the Lair.
  8129 | D:8      | Received a gift from Trog
  8222 | Lair:1   | Entered Level 1 of the Lair of Beasts
  9237 | Lair:1   | Reached skill level 5 in Armour
  9246 | Lair:1   | Reached skill level 17 in Axes
  9797 | Lair:2   | Reached XP level 11. HP: 67/91 MP: 10/10
 10082 | Lair:2   | Noticed a seven-headed hydra
 10097 | Lair:2   | HP: 6/136 [eight-headed hydra (10)]
 10097 | Lair:2   | Slain by an eight-headed hydra

Skill      XL: |  1  2  3  4  5  6  7  8  9 10 |
---------------+-------------------------------+-----
Fighting       | 4 6 |  6.8
Axes           | 4 5 6 9 11 13 16 17 | 17.7
Armour         | 6 |  6.3
Dodging        | |  2.8

Action                   |  1- 3 |  4- 6 |  7- 9 | 10-12 || total
-------------------------+-------+-------+-------+-------++-------
Melee: Hand axe          |    49 |       |       |       ||    49
       Headbutt          |    14 |    10 |    70 |    32 ||   126
       War axe           |    21 |    64 |   334 |    75 ||   494
       Executioner's axe |       |       |       |    95 ||    95
Invok: Berserk           |     2 |     2 |     8 |     4 ||    16
       Trog's Hand       |       |       |       |     2 ||     2
       Brothers in Arms  |       |       |       |     1 ||     1
  Use: Scroll            |       |       |     9 |     1 ||    10
  Eat: Chunk             |     4 |     5 |    23 |    14 ||    46
Armor: Animal skin       |     2 |       |       |       ||     2
       Leather armour    |     7 |       |       |       ||     7
       Chain mail        |    20 |    46 |   115 |    60 ||   241
Dodge: Dodged            |    45 |    40 |    98 |    66 ||   249
